 Dungeon Crawl Stone Soup version 0.21-a0-504-g2eda330 (webtiles) character file.

5960 Lazav66 the Cleaver (level 10, -2/92 HPs)
             Began as a Hill Orc Monk on Nov 26, 2017.
             Was an Elder of Beogh.
             Slain by a yak (11 damage)
             ... on level 9 of the Dungeon.
             The game lasted 00:22:47 (13256 turns).

Lazav66 the Cleaver (Hill Orc Monk)                Turns: 13256, Time: 00:22:48

Health: -2/92      AC: 15    Str: 17    XL:     10   Next: 84%
Magic:  13/15      EV:  9    Int: 10    God:    Beogh [****..]
Gold:   445        SH:  0    Dex: 14    Spells: 9/9 levels left

rFire    + . .     SeeInvis .   O - +2 hand axe
rCold    . . .     Gourm    .   (no shield)
rNeg     . . .     Faith    .   A - +0 chain mail
rPois    .         Spirit   .   h - +0 helmet
rElec    .         Reflect  .   (no cloak)
rCorr    .         Harm     .   u - +2 pair of gloves
MR       .....                  (no boots)
Stlth    ..........             (no amulet)
HPRegen  0.25/turn              w - +1 ring of evasion
MPRegen  0.14/turn              y - ring of protection from fire

@: no status effects
A: no striking features
a: Smiting, Recall Orcish Followers, Renounce Religion


You were on level 9 of the Dungeon.
You worshipped Beogh.
Beogh was greatly pleased with you.
You were not hungry.

You visited 1 branch of the dungeon, and saw 9 of its levels.
You also visited: Bailey.

You collected 445 gold pieces.

Inventory:

Hand Weapons
 t - a +0 mace
 C - a +0 war axe
 H - the +9 long sword "Jelly's Death" {slice, Str+4 Int-2 Dex+9, unknown}
   (You found it on level 8 of the Dungeon)

   It inflicts extra damage upon your enemies.
   It affects your strength (+4).
   It affects your intelligence (-2).
   It affects your dexterity (+9).
 L - a +1 spear of distortion
 M - a cursed +2 dagger
 O - a +2 hand axe (weapon)
 P - a cursed +2 long sword
 Q - a +0 antimagic halberd
Missiles
 k - 3 throwing nets (quivered)
 E - 8 tomahawks of returning
Armour
 h - a +0 helmet (worn)
 u - a +2 pair of gloves (worn)
 A - a +0 chain mail (worn)
Jewellery
 w - a +1 ring of evasion (left hand)
 y - a ring of protection from fire (right hand)
Wands
 a - a wand of flame (20)
 D - a wand of paralysis (12)
Scrolls
 d - 4 scrolls of blinking
 i - 3 scrolls of immolation {unknown}
 j - 6 scrolls of amnesia {unknown}
 l - 5 scrolls of teleportation
 m - 3 scrolls of identify
 n - 4 scrolls of remove curse
 v - 2 scrolls of enchant weapon {unknown}
 x - 3 scrolls of acquirement {unknown}
 B - a scroll of magic mapping {unknown}
 J - a scroll of enchant armour {unknown}
Potions
 b - a potion of invisibility
 e - 2 potions of might
 o - 3 potions of mutation
 p - 6 potions of curing
 q - 2 potions of haste
 r - 3 potions of flight {unknown}
 z - a potion of berserk rage {unknown}
 F - a potion of cancellation {unknown}
 G - 2 potions of heal wounds {unknown}
 K - a potion of agility {unknown}
Books
 I - a book of Air

   Spells                             Type                      Level
   a - Shock                          Conjuration/Air              1
   b - Swiftness                      Charms/Air                   2
   c - Static Discharge               Conjuration/Air              3
   d - Airstrike                      Air                          4
   e - Lightning Bolt                 Conjuration/Air              5
 N - a book of Misfortune

   Spells                             Type                      Level
   a - Confusing Touch                Hexes                        1
   b - Confuse                        Hexes                        3
   c - Gell's Gravitas                Translocation                3
   d - Petrify                        Transmutation/Earth          4
   e - Metabolic Englaciation         Hexes/Ice                    5
   f - Yara's Violent Unravelling     Hexes/Transmutation          5
Comestibles
 c - 5 bread rations
 f - 4 meat rations
 g - 5 royal jellies
 s - 7 fruits
 R - 5 chunks of flesh


   Skills:
 + Level 9.6 Fighting
 * Level 13.7 Axes
 + Level 8.0 Armour
 - Level 2.4 Dodging
 - Level 1.5 Stealth
 - Level 7.5 Invocations


You had 9 spell levels left.
You didn't know any spells.

Dungeon Overview and Level Annotations

Branches:
Dungeon (9/15)             Temple (0/1) D:4
   Lair: D:8-11         Orc: D:9-12

Altars:
Hepliaklqana
The Shining One

Shops:
D:5 }   D:6 !   D:7 :   D:8 %


Message History

Smite: a yak (moderately wounded)
You smite the yak!
The yak is almost dead.
The yak barely misses you. The yak gores you.
* * * LOW HITPOINT WARNING * * *
The yak gores you but does no damage.
You barely miss the yak.
The yak is almost dead.
You hit the yak but do no damage. You hit the yak.
The yak is almost dead.
You hit the yak. The yak gores you but does no damage. The yak gores you.
* * * LOW HITPOINT WARNING * * *
You feel better. The yak barely misses you. The yak closely misses you.
You hit the yak.
You kill the yak!
Beogh accepts your kill.
Your Armour skill increases to level 8!
You slash the yak! The yak gores you!
You die...

....#
#####'#####
###.......#
.#### ##.#
#....)..# .#
##..#
###....## .##
#..## ####.#
..# #.## ...#
#.# #.# ....#
#.# ##+#######
....# #.#
#........#
.... #.#
#.......@# #.#
#......Y†# #.#
#..)<....+ #.#
#.....†..# #.#
#######'## #[#
###.[# #(#
#...## #)##
####'######
#))#
###..........#


You could see a yak.

Vanquished Creatures
  A troll (D:9)
  Sigmund (D:5)
  2 wyverns
  A wraith (D:7)
  4 yaks (D:9)
  A hungry ghost (D:9)
  A water moccasin (D:5)
  4 orc warriors
  A black bear (D:6)
  An ice beast (D:9)
  3 sky beasts
  8 ogres
  A phantom (D:6)
  A centaur (D:5)
  2 big kobolds
  3 bullfrogs (D:8)
  A gnoll sergeant (D:9)
  2 scorpions
  8 wights (D:9)
  2 electric eels (D:7)
  3 howler monkeys
  2 crimson imps
  2 bullfrog zombies (D:5)
  A quasit (D:9)
  A centaur zombie (D:6)
  5 hounds
  3 orc priests
  2 jellies
  4 orc wizards
  2 bullfrog skeletons
  Jessica (D:2)
  2 iguanas (D:7)
  Natasha (thrice) (D:3)
  4 worker ants
  A killer bee zombie (D:8)
  A hound zombie (D:9)
  A worker ant zombie (D:7)
  5 adders
  17 gnolls
  2 shadow imps (D:6)
  An ooze (D:1)
  An adder skeleton (D:2)
  4 adder zombies
  6 worms
  2 dart slugs
  6 leopard geckos
  22 orcs
  A ball python (D:2)
  A bat zombie (D:2)
  2 giant cockroaches (D:2)
  9 goblins
  7 hobgoblins
  11 jackals
  22 kobolds
  2 quokkas
  2 ball python skeletons
  4 bats
  3 frilled lizards
  A jackal zombie (D:2)
  2 leopard gecko zombies (D:2)
  A quokka skeleton (D:5)
  6 rats
  A fungus (D:1)
227 creatures vanquished.

Vanquished Creatures (collateral kills)
  A water moccasin (D:8)
  An ogre (D:8)
  A centaur (D:8)
  A bullfrog (D:8)
  A hound (D:8)
5 creatures vanquished.

Vanquished Creatures (others)
  An orc warrior (D:9)
  An orc (D:4)
2 creatures vanquished.

Grand Total: 234 creatures vanquished

Notes
Turn   | Place    | Note
-------+----------+-------------------------------------------
     0 | D:1      | Lazav66 the Hill Orc Monk began the quest for the Orb.
     0 | D:1      | Reached XP level 1. HP: 19/19 MP: 1/1
   287 | D:1      | Reached XP level 2. HP: 20/27 MP: 2/2
   765 | D:1      | Reached skill level 1 in Armour
   962 | D:2      | Reached XP level 3. HP: 29/33 MP: 3/3
  1018 | D:2      | Reached skill level 5 in Axes
  1601 | D:2      | Reached XP level 4. HP: 15/40 MP: 4/4
  1991 | D:2      | Noticed Jessica
  2010 | D:2      | Killed Jessica
  2820 | D:2      | Reached XP level 5. HP: 38/47 MP: 5/5
  2989 | D:3      | Reached skill level 6 in Axes
  3213 | D:3      | Noticed Natasha
  3386 | D:3      | Became a worshipper of Beogh the Brigand
  3386 | D:3      | Reached * piety under Beogh
  3386 | D:3      | Reached ** piety under Beogh
  3397 | D:3      | Killed Natasha
  3475 | D:3      | Noticed Natasha
  3483 | D:3      | Killed Natasha
  3554 | D:3      | Noticed Natasha
  3566 | D:3      | Killed Natasha
  3566 | D:3      | Reached skill level 5 in Fighting
  3613 | D:3      | Reached XP level 6. HP: 55/56 MP: 6/6
  3675 | D:3      | Found a glowing golden altar of the Shining One.
  3860 | D:4      | Reached skill level 7 in Axes
  4450 | D:4      | Reached skill level 1 in Invocations
  4450 | D:4      | Reached XP level 7. HP: 17/61 MP: 4/7
  4729 | D:4      | Reached skill level 8 in Axes
  5073 | D:4      | Found a staircase to the Ecumenical Temple.
  5929 | D:5      | Entered Level 5 of the Dungeon
  5937 | D:5      | Noticed Sigmund
  5948 | D:5      | Killed Sigmund
  5948 | D:5      | Reached skill level 9 in Axes
  5948 | D:5      | Reached XP level 8. HP: 71/71 MP: 7/10
  6849 | D:5      | Found Saubouf's Gadget Shoppe.
  7172 | D:6      | Reached skill level 5 in Armour
  7196 | D:6      | Reached skill level 10 in Axes
  7356 | D:6      | Found Ciarusti's Distillery.
  7656 | D:6      | Reached XP level 9. HP: 74/79 MP: 12/12
  7726 | D:6      | Reached skill level 5 in Invocations
  8495 | D:7      | Reached skill level 11 in Axes
  8749 | D:7      | Found a flagged portal.
  8760 | Bailey   | Entered a bailey
  8834 | Bailey   | Noticed an orc warlord
  8858 | Bailey   | Reached *** piety under Beogh
  8911 | Bailey   | Noticed an orc knight
  9334 | D:7      | HP: 4/81 [orc warrior/flail (11)]
 10102 | D:7      | Found Geshe's Book Shoppe.
 10749 | D:8      | Reached skill level 12 in Axes
 10807 | D:8      | Reached XP level 10. HP: 89/90 MP: 15/15
 11274 | D:8      | Got a scorched long sword
 11366 | D:8      | Found Xasanoklis's Food Shop.
 11381 | D:8      | Found a hazy altar of Hepliaklqana.
 12671 | D:9      | Reached skill level 13 in Axes
 12962 | D:9      | Reached **** piety under Beogh
 13253 | D:9      | HP: 3/91 [yak (3)]
 13256 | D:9      | Slain by a yak

Vault maps used:
D:1:      dpeg_cavernosity, st_stairs_1, minmay_misc_feat_hallway
D:2:      serial_undead, serial_undead_f, serial_undead_f, serial_undead_f,
          serial_undead_c, serial_undead_a, serial_undead_b, uniq_jessica
D:3:      first_bread, nicolae_tso_swordbearing_angel, uniq_natasha
D:4:      cheibrodos_pilgrimage, temple_green
D:5:      serial_shops, shop, uniq_sigmund
D:6:      serial_shops, shop
D:7:      wad_river_or_something, enter_bailey_2, serial_shops,
          nicolae_shop_crystal
D:8:      old_standard_altar, serial_shops, nicolae_shop_window_shopping
D:9:      uniq_pikel
Bailey:   bailey_axe_bossmonster_kennysheep, bailey

Skill      XL: |  1  2  3  4  5  6  7  8  9 10 |
---------------+-------------------------------+-----
Armour         | 1 2 3 4 5 6 8 |  8.0
Fighting       | 4 5 6 7 8 9 |  9.6
Axes           | 5 6 7 9 10 12 13 | 13.7
Invocations    | 1 3 4 6 7 |  7.5
Dodging        | |  2.4
Stealth        | |  1.5

Action                   |  1- 3 |  4- 6 |  7- 9 | 10-12 || total
-------------------------+-------+-------+-------+-------++-------
Melee: Hand axe          |   142 |   216 |   511 |   134 ||  1003
       War axe           |       |       |   133 |   172 ||   305
Invok: Convert to Beogh  |       |     1 |       |       ||     1
       Smiting           |       |     2 |     8 |     1 ||    11
  Use: Scroll            |       |       |     8 |     1 ||     9
       Potion            |       |       |       |     1 ||     1
 Stab: Sleeping          |     3 |     3 |       |       ||     6
  Eat: Chunk             |     2 |     8 |    13 |    10 ||    33
       Bread ration      |       |       |     2 |       ||     2
Armor: Robe              |     3 |       |       |       ||     3
       Leather armour    |    34 |    17 |       |       ||    51
       Ring mail         |       |    11 |       |       ||    11
       Scale mail        |       |    46 |   131 |       ||   177
       Chain mail        |       |       |   145 |   141 ||   286
Dodge: Dodged            |    94 |   108 |   266 |   129 ||   597

Table legend:
 A = Spawn XP
 B = Non-spawn XP
 C = Spawn XP percentage of total XP
 D = Spawn monster count
 E = Non-spawn monster count
 F = Spawn count percentage of total count
 G = Total turns spent on level
                    A         B        C        D         E        F      G
               +---------+---------+-------+---------+---------+-------+---------
         Total |       0 |    8515 |   0.0 |       0 |     232 |   0.0 | 13256
               +---------+---------+-------+---------+---------+-------+---------
           D:1 |       0 |      32 |   0.0 |       0 |      15 |   0.0 |   952
           D:2 |       0 |     136 |   0.0 |       0 |      39 |   0.0 |  2103
           D:3 |       0 |     194 |   0.0 |       0 |      21 |   0.0 |  1269
           D:4 |       0 |     802 |   0.0 |       0 |      34 |   0.0 |  1605
           D:5 |       0 |     759 |   0.0 |       0 |      12 |   0.0 |  1230
           D:6 |       0 |     903 |   0.0 |       0 |      22 |   0.0 |  1115
           D:7 |       0 |    1024 |   0.0 |       0 |      15 |   0.0 |  2106
           D:8 |       0 |    1585 |   0.0 |       0 |      21 |   0.0 |  1247
           D:9 |       0 |    2755 |   0.0 |       0 |      37 |   0.0 |  1447
        Bailey |       0 |     325 |   0.0 |       0 |      16 |   0.0 |   182
               +---------+---------+-------+---------+---------+-------+---------
